 Dungeon Crawl Stone Soup version 0.23.0-2-g0fe3ce5 (webtiles) character file.

Game seed: 8628110091870645194

243 CamaradaPosadas the Chiller (level 6, -4/49 HPs)
             Began as a Naga Ice Elementalist on Feb 19, 2019.
             Was an Initiate of Cheibriados.
             Slain by an orc
             ... wielding a +0 flail
              (10 damage)
             ... on level 4 of the Dungeon.
             The game lasted 00:07:40 (4049 turns).

CamaradaPosadas the Chiller (Naga Ice Elementalist) Turns: 4049, Time: 00:07:41

Health: -4/49      AC:  4    Str: 11    XL:     6   Next: 9%
Magic:  10/10      EV: 10    Int: 18    God:    Cheibriados [......]
Gold:   132        SH:  0    Dex: 13    Spells: 4/11 levels left

rFire    . . .     SeeInvis +   d - +3 dagger (venom)
rCold    + . .     Gourm    .   (no shield)
rNeg     . . .     Faith    .   a - +0 robe
rPois    +         Spirit   .   e - +0 helmet
rElec    .         Reflect  .   (no cloak)
rCorr    +         Harm     .   (no gloves)
MR       .....                  (no barding)
Stlth    +.........             (no amulet)
HPRegen  0.16/turn              g - ring of protection from cold
MPRegen  0.12/turn              i - ring of resist corrosion

@: confused, very slow
A: large, see invisible, deformed body, poison resistance, slowness 2, slow
metabolism 1, spit poison 1, AC +2
a: Spit Poison, Bend Time, Renounce Religion


You were on level 4 of the Dungeon.
You worshipped Cheibriados.
Cheibriados was noncommittal.
You were hungry.

You visited 1 branch of the dungeon, and saw 4 of its levels.

You collected 132 gold pieces.

Inventory:

Hand Weapons
 d - a +3 dagger of venom (weapon)
 h - a +2 dagger of venom
Missiles
 f - a throwing net (quivered)
Armour
 a - a +0 robe (worn)
 e - a +0 helmet (worn)
Jewellery
 g - a ring of protection from cold (left hand)
 i - a ring of resist corrosion (right hand)
Wands
 o - a wand of paralysis (5)
Scrolls
 l - 2 scrolls of remove curse
 n - 2 scrolls of identify
 p - a scroll of enchant weapon
Potions
 j - a potion of lignification {unknown}
 k - a potion of invisibility {unknown}
 m - a potion of agility {unknown}
Comestibles
 c - 5 rations


   Skills:
 - Level 1.5 Dodging
 - Level 3.0 Stealth
 - Level 3.0 Spellcasting
 - Level 2.1 Conjurations
 * Level 2.5 Summonings
 * Level 4.9 Ice Magic
 + Level 0.0 Invocations


You had 4 spell levels left.
You knew the following spells:

 Your Spells              Type           Power        Failure   Level  Hunger
a - Freeze                Ice            ###.         2%          1    None
b - Throw Frost           Conj/Ice       ###...       6%          2    ##.....
c - Summon Ice Beast      Ice/Summ       ###.....     34%         4    ####...

Your spell library contained the following spells:

 Spells                   Type           Power        Failure   Level  Hunger
 Ozocubu's Armour         Chrm/Ice       ##......     19%         3    ###....
 Throw Icicle             Conj/Ice       ###.....     36%         4    ####...


Dungeon Overview and Level Annotations

Branches:
Dungeon (4/15)
 Temple: D:4-7

Altars:
Ashenzari
Cheibriados
Hepliaklqana
Sif Muna


Innate Abilities, Weirdness & Mutations

You cannot wear boots.
Your serpentine skin is tough. (AC +2)
You have supernaturally acute eyesight. (SInv)
Armour fits poorly on your strangely shaped body.
Your system is resistant to poisons. (rPois)
You cover ground very slowly.
You have a slow metabolism.
You can spit poison.


Message History

Cheibriados appreciates the change of pace.
The orc closely misses you. The orc hits you with a +0 flail.
* * * LOW HITPOINT WARNING * * *
The orc hits you but does no damage.
Unknown command.
It was a potion of ambrosia.
You are confused.
You feel invigorated. The orc barely misses you.
The orc hits you with a +0 flail. The orc hits you with a +0 hand axe.
* * * LOW HITPOINT WARNING * * *
You hit the orc.
The orc is poisoned.
The orc is severely wounded.
The orc hits you with a +0 hand axe.
* * * LOW HITPOINT WARNING * * *
The orc hits you with a +0 flail.
* * * LOW HITPOINT WARNING * * *
The orc barely misses you.
You bump into the rock wall.
The orc barely misses you. x2
The orc hits you with a +0 flail!
You die...

#.###.. .....# #....
#..## ##...# ..
#....###
....##.....####
.......oo.....#
#.....#o@.....# #####
##......#
#.......#####
..............##
...............##
.................#
#................#####
##...............##<##
...............##.##


You could see 3 orcs.

Vanquished Creatures
  2 orc priests
  An iguana (D:4)
  5 adders
  An ooze (D:2)
  A worm (D:3)
  2 dart slugs (D:2)
  5 leopard geckos
  9 orcs
  3 ball pythons
  7 bats
  3 giant cockroaches
  14 goblins
  7 hobgoblins
  4 jackals
  5 kobolds
  A ball python zombie (D:3)
  10 frilled lizards
  A leopard gecko skeleton (D:4)
  A quokka skeleton (D:3)
  7 rats
89 creatures vanquished.

Notes
Turn   | Place    | Note
-------+----------+-------------------------------------------
     0 | D:1      | CamaradaPosadas the Naga Ice Elementalist began the quest
                  | for the Orb.
     0 | D:1      | Reached XP level 1. HP: 15/15 MP: 3/3
   306 | D:1      | Reached XP level 2. HP: 22/22 MP: 0/5
   705 | D:1      | Learned a level 2 spell: Throw Frost
   943 | D:1      | Reached XP level 3. HP: 27/28 MP: 6/6
  1514 | D:2      | Found a deep blue altar of Sif Muna.
  1804 | D:2      | Reached skill level 4 in Ice Magic
  1807 | D:2      | Reached XP level 4. HP: 36/36 MP: 0/7
  1924 | D:2      | Learned a level 4 spell: Summon Ice Beast
  2503 | D:3      | Reached skill level 1 in Summonings
  2566 | D:3      | Reached XP level 5. HP: 31/42 MP: 9/9
  3142 | D:3      | Found a shattered altar of Ashenzari.
  3146 | D:3      | Saw a vision of the Swamp and the Snake Pit.
  3146 | D:3      | Noticed a salamander
  3146 | D:3      | Noticed an alligator
  3146 | D:3      | Noticed a black mamba
  3146 | D:3      | Noticed a naga
  3146 | D:3      | Noticed a salamander
  3146 | D:3      | Noticed a naga
  3146 | D:3      | Noticed a naga
  3146 | D:3      | Noticed a naga mage
  3146 | D:3      | Noticed an anaconda
  3146 | D:3      | Noticed a naga mage
  3146 | D:3      | Noticed a hornet
  3146 | D:3      | Noticed a naga
  3148 | D:3      | Noticed a naga
  3297 | D:3      | Found a hazy altar of Hepliaklqana.
  3903 | D:4      | Found a snail-covered altar of Cheibriados.
  3938 | D:4      | Reached XP level 6. HP: 49/49 MP: 1/10
  3950 | D:4      | Became a worshipper of Cheibriados the Contemplative
  4048 | D:4      | HP: 2/49 [orc/+0 flail (5)]
  4049 | D:4      | Slain by an orc

Skill      XL: |  1  2  3  4  5 |
---------------+----------------+-----
Conjurations   | 2 |  2.1
Ice Magic      | 4 |  4.9
Summonings     | 1 2 |  2.5
Spellcasting   | 3 |  3.0
Dodging        | |  1.5
Stealth        | |  3.0

Action                   |  1- 3 |  4- 6 || total
-------------------------+-------+-------++-------
Melee: Dagger            |    43 |   116 ||   159
       Unarmed           |     3 |       ||     3
 Cast: Freeze            |    16 |    26 ||    42
       Throw Frost       |     4 |     9 ||    13
 Abil: Spit Poison       |    16 |     5 ||    21
  Use: Scroll            |       |     3 ||     3
       Potion            |       |     1 ||     1
 Stab: Sleeping          |     3 |     4 ||     7
  Eat: Chunk             |     3 |     6 ||     9
Armor: Robe              |    13 |    46 ||    59
Dodge: Dodged            |    36 |   108 ||   144
